AoeStats
← vagabond94

Arena

510619861Analyzed
1v1 RM · 1d ago on Oct 1, 2026· 41m 14s· 2 players
Game mode
Random Map
Map size
Tiny (2 player)
Population
200
Speed
Normal
Resources
Standard
Victory
Conquest
Starting age
Dark Age
Ending age
Imperial Age
RankedLock teamsTeams togetherTeam positionsShared explorationLock speedFull tech treeHidden civsTurbo modeCheats
Victory
Defeat
🇩🇪 Varangians · Germany
1185
+15
🇨🇴 Britons · Colombia
1156
-15
Elfelo
10:42 Feudal Age
12:57 Loom
15:48 Castle Age
14:37 Double-Bit Axe
14:37 Horse Collar
14:55 Gold Mining
15:49 Fletching
19:17 Bodkin Arrow
21:26 Town Watch
21:59 Bow Saw
22:33 Heavy Plow
25:26 Town Patrol
25:42 Crossbowman
29:14 Imperial Age
27:47 Wheelbarrow
28:46 Stone Mining
29:33 Gold Shaft Mining
29:30 Padded Archer Armor
30:02 Ballistics
31:09 Chemistry
30:53 Arbalester
32:24 Hand Cart
34:10 Conscription
33:49 Elite Skirmisher
34:46 Bracer
36:11 Yeomen
35:47 Pikeman
38:30 Two-Man Saw
38:20 Forging
38:10 Scale Mail Armor
39:49 Scale Mail Armor
40:03 Gambesons
40:18 Squires
40:40 Masonry
41:53 Chain Mail Armor
vagabond94
10:19 Feudal Age
14:24 Castle Age
14:02 Double-Bit Axe
13:58 Horse Collar
18:55 Bow Saw
20:56 Heavy Plow
22:29 Gold Mining
22:29 Stone Mining
22:29 Town Watch
23:25 Wheelbarrow
23:17 Town Watch
23:17 Loom
26:55 Stone Shaft Mining
27:51 Hand Cart
30:56 Imperial Age
29:28 Scale Barding Armor
29:33 Forging
29:30 Vendel Legacy
31:24 Chain Barding Armor
31:39 Iron Casting
31:21 Bloodlines
31:12 Husbandry
31:31 Cavalier
32:43 Conscription
33:07 Plate Barding Armor
35:35 Blast Furnace
Connection lost

Rejoining the realm…

Still unreachable

The connection could not be restored.

Session expired

The server has moved on; the page needs a fresh start.